 Dungeon Sprint DCSS version 0.27-a0-679-g77a6b55cf3 (webtiles) character file.

Game seed: 9306929927830179702

4778 howech the Cruncher (level 10, -12/97 HPs)
             Began as a Minotaur Gladiator on Mar 18, 2021.
             Was the Champion of Trog.
             Mangled by Frances
             ... wielding a +0 glaive
              (19 damage)
             ... in the Dungeon (Sprint VII: "The Pits").
             The game lasted 00:09:05 (2311 turns).

howech the Cruncher (Minotaur Gladiator)            Turns: 2311, Time: 00:09:08

Health: -12/97     AC: 18    Str: 20    XL:     10   Next: 23%
Magic:  9/9        EV: 10    Int:  7    God:    Trog [******]
Gold:   0          SH:  0    Dex: 12    Spells: 9/9 levels left

rFire    . . .     SeeInvis .   r - +2 quarterstaff (speed)
rCold    . . .     Faith    .   (shield currently unavailable)
rNeg     . . .     Spirit   .   z - +3 plate armour
rPois    .         Reflect  .   c - +0 hat
rElec    .         Harm     .   (no cloak)
rCorr    .         Rampage  .   (no gloves)
Will     .....     NoTele   +   (no boots)
Stlth    ..........             (no amulet)
HPRegen  0.26/turn              (no ring)
MPRegen  0.11/turn              (no ring)

@: lethally poisoned (-12 -> -13), berserk cooldown, slowed, very slow
A: horns 2, retaliatory headbutt
a: Renounce Religion, Berserk, Trog's Hand, Brothers in Arms


You were in the Dungeon.
You worshipped Trog.
Trog was exalted by your worship.
You visited 1 branch

Inventory:

Hand Weapons
 a - a +0 quarterstaff
 k - a +2 hand axe
 r - a +2 quarterstaff of speed (weapon)
 s - a +2 vorpal hand axe
 y - the +2 war axe of Severance {vorpal, rF+ Will+ Dex-4}
   (You found it in the Dungeon)

   It inflicts extra damage upon your enemies.
   It affects your dexterity (-4).
   It protects you from fire.
   It affects your willpower, your defense against some magical effects.
 A - a +1 vorpal executioner's axe
Missiles
 d - 3 throwing nets (quivered)
 o - 14 stones
Armour
 b - a +0 leather armour
 c - a +0 hat (worn)
 q - a +3 chain mail
 u - a +4 chain mail
 v - a +0 pair of boots
 z - a +3 plate armour (worn)
Jewellery
 t - a +3 ring of dexterity
 x - a +3 ring of evasion
Scrolls
 j - a scroll of blinking
 m - 5 scrolls of amnesia
 n - a scroll of summoning
Potions
 e - 9 potions of curing
 f - 2 potions of heal wounds
 g - 2 potions of haste
 h - 4 potions of magic
 i - 2 potions of berserk rage
 l - 2 potions of invisibility
 p - a potion of mutation {unknown}
 w - 2 potions of might


   Skills:
 + Level 12.1 Fighting
 + Level 11.6 Axes
 + Level 12.2 Staves
 + Level 10.4 Throwing
 + Level 11.7 Armour
 + Level 11.4 Dodging


You had 9 spell levels left.
You didn't know any spells.
Your spell library was empty.

Dungeon Overview and Level Annotations

Branches:
Dungeon (1/1)

Altars:
Ashenzari
Cheibriados
Dithmenos
Elyvilon
Fedhas
Gozag
Hepliaklqana
Kikubaaqudgha
Makhleb
Nemelex Xobeh
Okawaru
Qazlal
Ru
Sif Muna
Trog
Uskayaw
Vehumet
Wu Jian
Xom
Yredelemnul
Zin
The Shining One
Beogh
Jiyva
Lugonu

Annotations:
D Erolcha, Eustachio, Frances


Innate Abilities, Weirdness & Mutations

You have a pair of horns on your head.
You reflexively headbutt those who attack you in melee.


Message History

You feel much better.
You feel sick.
Eustachio the Magnificent comes into view.
He is wielding a +0 rapier, wearing a +3 leather armour of cold resistance and carrying a wand of flame (24).
The smoke demon gestures at you. Something smites you!
The orc wizard closely misses you.
Unknown command.
You completely miss the orc wizard.
Eustachio shouts!
Frances hits you but does no damage. x2; The orc wizard closely misses you.
You hit the orc wizard. You headbutt the orc wizard.
The orc wizard is heavily wounded.
Unknown command.
You closely miss the orc wizard.
The orc wizard is heavily wounded.
You feel sick.
Frances hits you from afar with a +0 glaive!!
* * * LOW HITPOINT WARNING * * *
The orc wizard hits you with a +0 dagger.
* * * LOW HITPOINT WARNING * * *
You bludgeon the orc wizard!!
You kill the orc wizard!
Trog accepts your kill.
Trog appreciates your killing of a magic user.
Your skin stops crawling.
You feel less strong-willed.
Frances hits you from afar with a +0 glaive.
* * * LOW HITPOINT WARNING * * *
You feel much better.
You feel sick.
Frances whispers indecipherable words.
The iron shot hits you!!
* * * LOW HITPOINT WARNING * * *
The smoke demon hits you but does no damage. x3
Frances whispers indecipherable words.
The smoke demon hits you but does no damage. x2
The smoke demon completely misses you. The kobold brigand barely misses you.
You feel much better.
The smoke demon disappears in a puff of smoke!
Frances hits you from afar with a +0 glaive!!
* * * LOW HITPOINT WARNING * * *
Eustachio mumbles some strange words.
Frances hits you from afar with a +0 glaive!!
You die...

##..##..##'##
##..#..##...##
...#..
##..#..#..)..#
...#.g
##.))..'.....+
..5'.
##..#..#.....#
.@.#
##..#.)##...##
§o.#
##..##.)##)##
##@wg##
##...##.)...+
##)K3..# ##...
###..)###.@3#
##...
#..†)†.).##
######
##########


You could see Frances (fast), a tyrant leech, a sun demon (summoned), Eustachio,
a smoke demon (summoned), an orc warrior, a kobold brigand, a white imp
(summoned) and a hobgoblin.

Vanquished Creatures
  A death yak (D)
  A flayed ghost (D)
  A deep elf pyromancer (D)
  A molten gargoyle (D)
  A flying skull (D)
  2 small abominations (D)
  A ynoxinul (D)
  6 yaks (D)
  A fire bat (D)
  A floating eye (D)
  5 hell hounds (D)
  A swamp drake (D)
  A necrophage (D)
  2 ogres (D)
  A centaur (D)
  A wight (D)
  A crimson imp (D)
  2 gnoll shamans (D)
  Terence (D)
  3 orc wizards (D)
  2 worker ants (D)
  An adder (D)
  3 gnolls (D)
  A worm (D)
  5 orcs (D)
  A bat skeleton (D)
  A giant cockroach (D)
  A goblin (D)
  A hobgoblin (D)
  A quokka (D)
  A kobold (D)
  A quokka zombie (D)
53 creatures vanquished.

Vanquished Creatures (others)
  A gnoll (D)
1 creature vanquished.

Grand Total: 54 creatures vanquished

Notes
Turn   | Place    | Note
-------+----------+-------------------------------------------
     0 | D        | howech the Minotaur Gladiator began the quest for the Orb.
     0 | D        | Reached XP level 1. HP: 18/18 MP: 0/0
    17 | D        | Reached skill level 1 in Armour
    17 | D        | Reached XP level 2. HP: 20/26 MP: 1/1
    44 | D        | Found a glowing golden altar of the Shining One.
    44 | D        | Found a glowing silver altar of Zin.
    44 | D        | Found a basalt altar of Yredelemnul.
    44 | D        | Found a shimmering altar of Xom.
    44 | D        | Found an ornate altar of the Wu Jian Council.
    44 | D        | Found a bloodstained altar of Trog.
    44 | D        | Found a shimmering blue altar of Sif Muna.
    44 | D        | Found a sacrificial altar of Ru.
    44 | D        | Found a stormy altar of Qazlal.
    44 | D        | Found an iron altar of Okawaru.
    44 | D        | Found a sparkling altar of Nemelex Xobeh.
    44 | D        | Found a burning altar of Makhleb.
    44 | D        | Found a viscous altar of Jiyva.
    44 | D        | Found a hazy altar of Hepliaklqana.
    44 | D        | Found an opulent altar of Gozag.
    44 | D        | Found a blossoming altar of Fedhas.
    44 | D        | Found a white marble altar of Elyvilon.
    44 | D        | Found a shadowy altar of Dithmenos.
    44 | D        | Found a snail-covered altar of Cheibriados.
    45 | D        | Found a radiant altar of Vehumet.
    45 | D        | Found a corrupted altar of Lugonu.
    47 | D        | Became a worshipper of Trog the Wrathful
   176 | D        | Reached XP level 3. HP: 22/33 MP: 2/2
   329 | D        | Reached * piety under Trog
   330 | D        | Reached skill level 5 in Staves
   335 | D        | Noticed Terence
   346 | D        | Killed Terence
   346 | D        | Reached ** piety under Trog
   347 | D        | Reached skill level 5 in Dodging
   347 | D        | Reached XP level 4. HP: 26/41 MP: 3/3
   531 | D        | Noticed a fire bat
   534 | D        | Noticed an ogre
   534 | D        | Noticed a necrophage
   543 | D        | Killed a fire bat
   544 | D        | Reached skill level 5 in Axes
   544 | D        | Reached skill level 5 in Throwing
   544 | D        | Reached skill level 5 in Armour
   544 | D        | Reached XP level 5. HP: 33/50 MP: 4/4
   544 | D        | Reached *** piety under Trog
   550 | D        | Killed a necrophage
   551 | D        | Reached XP level 6. HP: 39/58 MP: 5/5
   554 | D        | Reached **** piety under Trog
   822 | D        | Noticed a flayed ghost
   832 | D        | Killed a flayed ghost
   833 | D        | Reached XP level 7. HP: 70/70 MP: 6/6
   940 | D        | Paralysed by a floating eye for 2 turns
   950 | D        | Reached ***** piety under Trog
   951 | D        | Reached XP level 8. HP: 78/78 MP: 7/7
   961 | D        | Noticed a small abomination
   973 | D        | Killed a small abomination
  1112 | D        | Got the +2 war axe of Severance {vorpal, rF+ Will+ Dex-4}
  1176 | D        | Found an ancient bone altar of Kikubaaqudgha.
  1176 | D        | Found a hide-covered altar of Uskayaw.
  1176 | D        | Found a broken altar of Ashenzari.
  1205 | D        | Noticed a flying skull
  1205 | D        | Noticed a molten gargoyle
  1219 | D        | Killed a flying skull
  1220 | D        | Reached skill level 10 in Fighting
  1220 | D        | Reached skill level 10 in Staves
  1234 | D        | Killed a molten gargoyle
  1486 | D        | Noticed a death yak
  1496 | D        | Killed a death yak
  1496 | D        | Received a gift from Trog
  1497 | D        | Reached skill level 10 in Axes
  1497 | D        | Reached skill level 10 in Armour
  1497 | D        | Reached skill level 10 in Dodging
  1497 | D        | Reached XP level 9. HP: 86/86 MP: 8/8
  1554 | D        | Reached ****** piety under Trog
  1568 | D        | Received a gift from Trog
  1717 | D        | Noticed a deep elf pyromancer
  1743 | D        | HP: 6/133 [deep elf pyromancer/+0 rapier (1)]
  1746 | D        | Killed a deep elf pyromancer
  1747 | D        | Reached skill level 10 in Throwing
  1747 | D        | Reached XP level 10. HP: 7/97 MP: 9/9
  2274 | D        | Received a gift from Trog
  2295 | D        | Received a gift from Trog
  2299 | D        | Noticed Frances
  2302 | D        | Noticed a smoke demon
  2303 | D        | Noticed a smoke demon
  2303 | D        | Noticed Erolcha
  2305 | D        | Noticed Eustachio
  2311 | D        | Noticed a sun demon
  2311 | D        | Mangled by Frances

Illustrated notes

Levels and vault maps discovered:
D:        pitsprint [storerooms_1, entrance_room_1, metal_vault_6, armoury_2,
          mini_pit_1, grid_room_1, main_hall_1, silver_pit, the_coven_1,
          the_vestibule_1, steel_vault_4, golden_pit, hallway_of_sentries,
          crystal_vault_4, iron_vault_3, final_vault]

Skill      XL: |  1  2  3  4  5  6  7  8  9 10 |
---------------+-------------------------------+-----
Fighting       | 3 4 6 9 10 11 12 | 12.1
Staves         | 4 5 6 7 9 11 12 | 12.2
Armour         | 1 2 4 5 6 8 10 11 | 11.7
Axes           | 2 3 5 6 8 10 11 | 11.6
Throwing       | 3 4 5 6 7 9 10 | 10.4
Dodging        | 4 5 6 8 10 11 | 11.4

Action                   |  1- 3 |  4- 6 |  7- 9 | 10-12 || total
-------------------------+-------+-------+-------+-------++-------
Melee: Quarterstaff      |    31 |    29 |   116 |    44 ||   220
       Headbutt          |     6 |     6 |    31 |     9 ||    52
Invok: Berserk           |       |       |     4 |     1 ||     5
       Trog's Hand       |       |       |     2 |     1 ||     3
  Use: Potion            |       |     2 |     3 |     4 ||     9
Armor: Leather armour    |     5 |       |       |       ||     5
       Chain mail        |       |     6 |     4 |       ||    10
       Plate armour      |       |       |    33 |    22 ||    55
Dodge: Dodged            |    27 |    11 |    41 |    13 ||    92

Table legend: (Time is in decaauts)
 A = Elapsed time spent in this place.
 B = Non-inter-level travel time spent in this place.
 C = Inter-level travel time spent in this place.
 D = Time resting spent in this place.
 E = Time spent auto-exploring this place.
 F = Levels seen in this place.
 G = Mean time per level.
                   A        B        C        D        E       F      G
               +--------+--------+--------+--------+--------+-----+--------+
         Total |   2268 |   2253 |     15 |   1664 |      1 |   1 | 2268.0 |
       Dungeon |   2268 |   2253 |     15 |   1664 |      1 |   1 | 2268.0 |
               +--------+--------+--------+--------+--------+-----+--------+

Top non-repeatable levels by time:
       D: 2268 daAuts
